 Dungeon Crawl Stone Soup version 0.20-a0-301-g264e157 (webtiles) character file.

148 Junicave the Magician (level 5, -1/30 HPs)
             Began as a Gargoyle Wanderer on Dec 16, 2016.
             Slain by a gnoll
             ... wielding a +0 flail
              (6 damage)
             ... on level 3 of the Dungeon.
             The game lasted 00:14:29 (5212 turns).

Junicave the Magician (Gargoyle Wanderer)           Turns: 5212, Time: 00:14:29

Health: -1/30      AC:  9    Str: 13    XL:     5   Next: 30%
Magic:  2/9        EV: 11    Int: 15    God:
Gold:   107        SH:  5    Dex: 10    Spells: 4/10 levels left

rFire  . . .     SeeInvis .     c - +0 short sword
rCold  . . .     Gourm    .     d - +0 robe
rNeg   + + .     Faith    .     u - +2 buckler
rPois  ∞         Spirit   .     i - +0 helmet
rElec  +         Reflect  .     (no cloak)
rCorr  .         Harm     .     (no gloves)
MR     .....                    q - +1 pair of boots
Stlth  ++........               (no amulet)
                                (no ring)
                                h - ring of positive energy

@: very slightly contaminated
A: negative energy resistance 1, electricity resistance, unbreathing,
petrification resistance, rot immunity, AC +4
a: no special abilities


You were on level 3 of the Dungeon.
You were not hungry.

You visited 1 branch of the dungeon, and saw 3 of its levels.

You collected 107 gold pieces.

Inventory:

Hand Weapons
 c - a +0 short sword (weapon)
 e - a +0 dagger
 s - a +0 flail
Armour
 d - a +0 robe (worn)
 i - a +0 helmet (worn)
 q - a +1 pair of boots (worn)
 u - a +2 buckler (worn)
Jewellery
 h - a ring of positive energy (left hand)
 n - a cursed amulet of inaccuracy {unknown}
Scrolls
 k - 4 scrolls of remove curse {unknown}
 l - a scroll of teleportation {unknown}
 o - 2 scrolls of identify {unknown}
 t - a scroll of noise {unknown}
 v - a scroll of blinking {unknown}
Potions
 g - a potion of haste {unknown}
 p - a potion of cancellation {unknown}
Books
 a - a book of Frost

   Spells                             Type                      Level
   a - Freeze                         Ice                          1
   b - Throw Frost                    Conjuration/Ice              2
   c - Ozocubu's Armour               Charms/Ice                   3
   d - Throw Icicle                   Conjuration/Ice              4
   e - Summon Ice Beast               Ice/Summoning                4
 b - the Grimoire of Stones

   Spells                             Type                      Level
   a - Sandblast                      Earth                        1
   b - Stone Arrow                    Conjuration/Earth            3
 r - a book of Maledictions

   Spells                             Type                      Level
   a - Corona                         Hexes                        1
   b - Ensorcelled Hibernation        Hexes/Ice                    2
   c - Confuse                        Hexes                        3
   d - Tukima's Dance                 Hexes                        3
   e - Dazzling Spray                 Conjuration/Hexes            3
Comestibles
 f - a bread ration
 j - 2 meat rations
 m - a beef jerky
 w - 14 chunks of flesh


   Skills:
 - Level 2.1 Fighting
 - Level 1.0 Short Blades
 - Level 1.0 Dodging
 - Level 2.1 Stealth
 * Level 3.1 Spellcasting
 + Level 2.1 Conjurations
 + Level 1.6 Ice Magic
 + Level 2.8 Earth Magic
   Level 1.0 Evocations


You had 4 spell levels left.
You knew the following spells:

 Your Spells              Type           Power        Failure   Level  Hunger
a - Sandblast             Erth           ##....       12%         1    #......
b - Throw Frost           Conj/Ice       #.....       24%         2    ##.....
c - Ozocubu's Armour      Chrm/Ice       #.......     75%         3    ###....


Dungeon Overview and Level Annotations

Branches:
Dungeon (3/15)

Altars:

Annotations:
D:3 Sigmund


Innate Abilities, Weirdness & Mutations

You are resistant to torment.
Your stone body is resilient. (AC +4)
You are immune to poison.
You resist negative energy. (rN+)
You are resistant to electric shocks. (rElec)
You can survive without breathing.
You are immune to petrification.
You are immune to rotting.


Message History

The gnoll is severely wounded.
You hit the gnoll.
The gnoll is almost dead.
The gnoll barely misses you.
You hit the gnoll but do no damage.
The gnoll is almost dead.
The gnoll hits you with a flail.
You hit the gnoll.
You kill the gnoll!
Casting: Sandblast
Confirm with . or Enter, or press ? or * to list all spells.
Aiming: Throw Frost
Press: ? - help, Shift-Dir - straight line, f - gnoll
Aim: a gnoll, wielding a flail You miscast Throw Frost.
You are very lightly contaminated with residual magic.
Nothing appears to happen.
The gnoll hits you with a flail!
* * * LOW HITPOINT WARNING * * *
You completely miss the gnoll. The gnoll hits you with a flail.
You die...

#.# #.# #)#
#.# #.# #.#
#.# #.# ##.##
#.# #..
####...# #.#
## #.....#.
#.# #.....##
#.# .
#.....##
#.#####....
#.......
#..@g...#
#.......
#######...#
###....# #
#.##.# #.##.#
. #.##.#
....####.##.#
.............
....####.....
. ####.#


You could see a gnoll.

Vanquished Creatures
  6 gnolls
  2 adders
  A dart slug (D:1)
  2 leopard geckos (D:1)
  7 giant cockroaches
  4 goblins
  5 hobgoblins
  8 jackals
  A quokka (D:2)
  A ball python (D:2)
  7 bats
  6 frilled lizards
  12 kobolds
  6 rats
68 creatures vanquished.

Notes
Turn   | Place    | Note
-------+----------+-------------------------------------------
     0 | D:1      | Junicave the Gargoyle Wanderer began the quest for the Orb.
     0 | D:1      | Junicave set off with: a book of Frost, the Grimoire of Stones, a +0 short sword, a +0 robe, a +0 dagger, a bread ration
     0 | D:1      | Reached XP level 1. HP: 12/12 MP: 2/2
     0 | D:1      | Identified the Grimoire of Stones
     2 | D:1      | Learned a level 1 spell: Sandblast
    98 | D:1      | Reached XP level 2. HP: 15/17 MP: 2/4
   130 | D:1      | Learned a level 2 spell: Throw Frost
   478 | D:1      | Reached skill level 2 in Spellcasting
   577 | D:1      | Reached XP level 3. HP: 21/21 MP: 2/6
  2501 | D:2      | Learned a level 3 spell: Ozocubu's Armour
  3188 | D:2      | Reached XP level 4. HP: 25/26 MP: 0/7
  3339 | D:2      | Reached skill level 1 in Conjurations
  4522 | D:3      | Reached skill level 3 in Spellcasting
  4662 | D:3      | Reached XP level 5. HP: 26/30 MP: 3/9
  4854 | D:3      | Noticed Sigmund
  5212 | D:3      | Slain by a gnoll

Vault maps used:
D:1:      lightli_arrival_statue_moat
D:2:      first_bread
D:3:      uniq_sigmund

Skill      XL: |  1  2  3  4  5 |
---------------+----------------+-----
Earth Magic    | 2 |  2.8
Spellcasting   | 2 3 |  3.1
Conjurations   | 1 2 |  2.1
Fighting       | |  2.1
Short Blades   | |  1.0
Dodging        | |  1.0
Stealth        | |  2.1
Ice Magic      | |  1.6
Evocations     | |  1.0

Action                   |  1- 3 |  4- 6 || total
-------------------------+-------+-------++-------
Melee: Short sword       |   109 |    99 ||   208
 Cast: Sandblast         |    27 |    20 ||    47
       Throw Frost       |     3 |    10 ||    13
 Stab: Sleeping          |     1 |     3 ||     4
  Eat: Chunk             |     2 |     9 ||    11
       Bread ration      |     1 |       ||     1
Armor: Robe              |    54 |    86 ||   140
Dodge: Dodged            |    89 |   106 ||   195
Block: Buckler           |       |    12 ||    12
